 Dungeon Crawl Stone Soup version 0.29-a0-2-g12fcac58f8 (webtiles) character file.

Game seed: 4756423205332480451

51 fragbeetle the Firebug (level 3, -1/27 HPs)
             Began as a Hill Orc Fire Elementalist on Jan 26, 2022.
             Slain by a goblin (3 damage)
             ... led by Robin
             ... on level 2 of the Dungeon.
             The game lasted 00:04:01 (2375 turns).

fragbeetle the Firebug (Hill Orc Fire Elementalist) Turns: 2375, Time: 00:04:02

Health: -1/27      AC:  2    Str: 12    XL:     3   Next: 81%
Magic:  5/5        EV: 12    Int: 15    God:
Gold:   39         SH:  0    Dex: 11    Spells: 2/5 levels left

rFire   . . .      SeeInvis .   n - +0 hand axe
rCold   . . .      Faith    .   (no shield)
rNeg    . . .      Spirit   .   a - +0 robe
rPois   .          Reflect  .   (no helmet)
rElec   .          Harm     .   (no cloak)
rCorr   .          Rampage  .   (no gloves)
Will    .....                   (no boots)
Stlth   ++........              (no amulet)
HPRegen 0.09/turn               (no ring)
MPRegen 0.09/turn               (no ring)

@: no status effects
A: no striking features
a: no special abilities


You were on level 2 of the Dungeon.
You visited 1 branch of the dungeon, and saw 2 of its levels.

You collected 39 gold pieces.

Inventory:

Hand Weapons
 j - a +0 trident
 n - a +0 hand axe (weapon)
Missiles
 k - 5 poisoned darts
Armour
 a - a +0 robe (worn)
Scrolls
 b - 3 scrolls of vulnerability {unknown}
 c - 2 scrolls of blinking {unknown}
 e - a scroll of identify {unknown}
 g - a scroll of teleportation {unknown}
 h - a scroll of immolation
 l - a scroll of magic mapping {unknown}
Potions
 d - a potion of curing {unknown}
 f - a potion of might {unknown}
 i - 2 potions of mutation {unknown}
 m - 2 potions of haste {unknown}


   Skills:
 + Level 0.6 Fighting
 * Level 1.1 Axes
 + Level 1.9 Dodging
 - Level 2.0 Stealth
 + Level 1.8 Spellcasting
 + Level 1.6 Conjurations
 * Level 3.7 Fire Magic


You had 2 spell levels left.
You knew the following spells:

 Your Spells              Type           Power      Damage    Failure   Level
a - Foxfire               Conj/Fire      36%        2x1d5     8%          1
b - Scorch                Fire           24%        2d6       7%          2

Your spell library contained the following spells:

 Spells                   Type           Power      Damage    Failure   Level
 Conjure Flame            Conj/Fire      9%         6-21      22%         3
 Inner Flame              Hex/Fire       7%         N/A       30%         3
 Flame Wave               Conj/Fire      9%         2d5       58%         4


Dungeon Overview and Level Annotations

Branches:
Dungeon (2/15)

Altars:

Annotations:
D:2 Robin


Message History

Your foxfire dissipates!
There is a stone staircase leading up here.
Magic restored.
You see here a +0 whip.
A ball python comes into view.
Found a ring mail.
The ball python hisses angrily.
The ball python bites you. The ball python barely misses you.
You hit the ball python.
You kill the ball python!
HP restored.
Found 21 stones.
A hobgoblin comes into view.
The goblin shouts!
You hear a shout!
A hobgoblin comes into view.
Robin shouts!
The hobgoblin shouts!
You hear a shout! x2
Robin says, "A pitiful Hill Orc like you will never find the ORB!"
A hobgoblin comes into view.
Robin roars a battlecry!
The goblins go into a battle-frenzy!
Robin throws the goblin at you! The goblin hits you with a +0 club.
You closely miss the goblin.
The goblin shouts!
The goblin hits you with a +0 club. The goblin hits you with a +0 dagger.
* * * LOW HITPOINT WARNING * * *
You closely miss the goblin. x2; Robin throws the goblin at you!
The goblin hits you with a +0 club.
* * * LOW HITPOINT WARNING * * *
The goblin hits you with a +0 club.
* * * LOW HITPOINT WARNING * * *
The goblin misses you.
You hit the goblin.
The goblin is severely wounded.
You hit the goblin.
You kill the goblin!
You barely miss the hobgoblin. You hit the goblin.
The hobgoblin barely misses you. The goblin hits you with a +0 club.
* * * LOW HITPOINT WARNING * * *
The goblin hits you with a +0 dagger.
You die...

## #...........# #
#.########..##### #
#.# #............ #
#.# ##.#.###.####.
# #(###.........# #
#.....≈#.#≈....# #
#...≈≈≈#.#≈≈≈..#
#### #)g≈≈≈≈#.#
≈≈≈.[ ...#
##@≈≈≈≈≈#.# ≈≈≈≈.#
##.## #gg≈≈≈≈≈#.#
≈≈≈. #<#.##
#g≈≈#####.# ##≈≈
.###.## #g≈≈# .. #
##.# .g≈≈#
.###.####### .g.≈≈#
#.#.............≈##
#.##########....#
#.# ......


You could see Robin, 3 hobgoblins and 3 goblins.

Vanquished Creatures
  3 gnolls
  3 endoplasms (D:1)
  A giant cockroach (D:1)
  3 goblins
  3 hobgoblins (D:1)
  A kobold (D:1)
  6 ball pythons
  2 frilled lizards (D:1)
  2 rats (D:1)
24 creatures vanquished.

Vanquished Creatures (others)
  24 foxfires (D:1)
24 creatures vanquished.

Grand Total: 48 creatures vanquished

Notes
Turn   | Place    | Note
-------+----------+-------------------------------------------
     0 | D:1      | fragbeetle the Hill Orc Fire Elementalist began the quest
                  | for the Orb.
     0 | D:1      | Reached XP level 1. HP: 14/14 MP: 3/3
   549 | D:1      | Reached XP level 2. HP: 9/20 MP: 0/4
   590 | D:1      | Learned a level 2 spell: Scorch
  1056 | D:1      | Found a faded altar of an unknown god.
  1716 | D:2      | Noticed Robin
  2139 | D:2      | Reached XP level 3. HP: 26/26 MP: 0/5
  2285 | D:2      | Reached skill level 1 in Axes
  2375 | D:2      | Slain by a goblin

Illustrated notes

Levels and vault maps discovered:
D:1:      onia_arrival_pyramid, layout_loops_corners,
          hellmonk_ecumenical_altar_blasted, chequers_serial_rivers_small_3
D:2:      layout_loops_ring, grunt_decor_junction, due_unseen_surprise,
          uniq_robin

Skill      XL: |  1  2  3 |
---------------+----------+-----
Axes           | 1 |  1.1
Stealth        | 2 |  2.0
Fighting       | |  0.6
Dodging        | |  1.9
Spellcasting   | |  1.8
Conjurations   | |  1.6
Fire Magic     | |  3.7

Action                   || total
-------------------------++-------
Melee: Unarmed           ||     7
       Trident           ||    13
       Hand axe          ||    10
 Cast: Foxfire           ||    17
       Scorch            ||    12
Armor: Robe              ||     4
Dodge: Dodged            ||    45

Table legend: (Time is in decaauts)
 A = Elapsed time spent in this place.
 B = Non-inter-level travel time spent in this place.
 C = Inter-level travel time spent in this place.
 D = Time resting spent in this place.
 E = Time spent auto-exploring this place.
 F = Levels seen in this place.
 G = Mean time per level.
                   A        B        C        D        E       F      G
               +--------+--------+--------+--------+--------+-----+--------+
         Total |   2390 |   2335 |     55 |    602 |   1340 |   2 | 1195.0 |
       Dungeon |   2390 |   2335 |     55 |    602 |   1340 |   2 | 1195.0 |
               +--------+--------+--------+--------+--------+-----+--------+

Top non-repeatable levels by time:
     D:1: 2046 daAuts
     D:2: 344 daAuts
